 Dungeon Crawl Stone Soup version 0.29-a0-902-g0f71de6fce (webtiles) character file.

Game seed: 6161731915336774870

35108 enile the Ogre Mage (level 13, -1/152 HPs)
             Began as an Ogre Air Elementalist on July 25, 2022.
             Was a Priest of Ashenzari.
             Slain by an eight-headed hydra (14 damage)
             ... on level 4 of the Lair of Beasts.
             The game lasted 00:28:52 (25841 turns).

enile the Ogre Mage (Ogre Air Elementalist)        Turns: 25841, Time: 00:28:53

Health: -1/152     AC:  6    Str: 15    XL:     13   Next: 81%
Magic:  31/35      EV: 13    Int: 20    God:    Ashenzari [***...]
Gold:   853        SH:  5    Dex: 15    Spells: 42/48 levels left

rFire   . . .      SeeInvis +   o - +1 short sword (venom)
rCold   . . .      Faith    .   j - orb of Ashenzari's Anarchy {*channel, Cun, Self} (curse)
rNeg    . . .      Spirit   .   I - +0 steam dragon scales "Share My Secrets" {Fort, Evo} (curse)
rPois   .          Reflect  +   (helmet restricted)
rElec   .          Harm     .   (no cloak)
rCorr   +          Rampage  .   (gloves unavailable)
Will    +....      Clarity  +   (boots unavailable)
Stlth   ++........              b - amulet of Ashenzari's Morality {Reflect SH+5, Self, Bglg} (curse)
HPRegen 0.35/turn               v - ring of Ashenzari's Burden {rCorr, Evo, Range} (curse)
MPRegen 0.24/turn               x - +6 ring of dexterity

@: no status effects
A: large, unfitting armour, tough skin 1
a: Renounce Religion, Curse Item, Shatter the Chains


You were on level 4 of the Lair of Beasts.
You worshipped Ashenzari.
Ashenzari was most pleased with you.
You visited 3 branches of the dungeon, and saw 16 of its levels.

You collected 886 gold pieces.
You spent 33 gold pieces at shops.

Inventory:

Hand Weapons
 f - a +0 sling
 o - a +1 short sword of venom (weapon)
Missiles
 J - 5 silver javelins
Armour
 a - a +0 robe
 j - the cursed orb of Ashenzari's Anarchy (worn) {*channel, Cun, Self}
   (You found it on level 1 of the Dungeon)

   It has a curse which improves the following skills: Cunning: Dodging and
   Stealth.
   Introspection: Fighting and Spellcasting.
 I - the cursed +0 steam dragon scales "Share My Secrets" (worn) {Fort, Evo}
   (You found it on level 7 of the Dungeon)

   It has a curse which improves the following skills: Fortitude: Armour and
   Shields.
   Evocations: Evocations.
Jewellery
 b - the cursed amulet of Ashenzari's Morality (around neck) {Reflect SH+5, Self, Bglg}
   (You found it on level 1 of the Dungeon)

   [amulet of reflection]

   It reflects blocked missile attacks.
   SH:        It affects your SH (+5).
   It has a curse which improves the following skills: Introspection: Fighting
   and Spellcasting.
   Beguiling: Conjurations, Hexes and Translocations.
 h - an amulet of the acrobat
 l - a ring of fire
 v - the cursed ring of Ashenzari's Burden (left hand) {rCorr, Evo, Range}
   (You found it on level 7 of the Dungeon)

   [ring of resist corrosion]

   rCorr:     It protects you from acid and corrosion.
   It has a curse which improves the following skills: Evocations: Evocations.
   Ranged Combat: Ranged Weapons and Throwing.
 x - a +6 ring of dexterity (right hand)
 G - a ring of protection from cold
 N - an amulet of regeneration
Wands
 d - a wand of digging (10)
 p - a wand of polymorph (11)
 t - a wand of roots (4)
 B - a wand of mindburst (3)
 C - a wand of quicksilver (2)
 E - a wand of flame (9)
Scrolls
 e - a scroll of enchant armour
 k - a scroll of fog
 s - 2 scrolls of amnesia
 u - 3 scrolls of teleportation
 w - 2 scrolls of magic mapping
 y - 6 scrolls of vulnerability
 D - 3 scrolls of fear
 F - 2 scrolls of summoning
 H - 3 scrolls of enchant weapon
 L - a scroll of silence
 M - 8 scrolls of identify
 P - a scroll of torment
 R - a scroll of immolation
Potions
 c - 4 potions of brilliance
 i - 9 potions of curing
 m - a potion of magic
 n - 3 potions of flight
 q - 3 potions of resistance
 r - 7 potions of haste
 z - 2 potions of lignification
 A - 4 potions of degeneration
 K - 2 potions of might
 Q - a potion of berserk rage


   Skills:
 - Level 13.7(16.0) Fighting
 - Level 6.0(7.6) Dodging
 - Level 1.4(2.5) Stealth
 + Level 15.8(18.1) Spellcasting
 - Level 0.8(1.7) Conjurations
 - Level 8.0 Air Magic
 - Level 9.5(12.0) Evocations


You had 42 spell levels left.
You knew the following spells:

 Your Spells              Type           Power      Damage    Failure   Level
b - Airstrike             Air            25%        0-9+      1%          4
c - Blink                 Tloc           36%        N/A       4%          2

Your spell library contained the following spells:

 Spells                   Type           Power      Damage    Failure   Level
 Shock                    Conj/Air       100%       1d9       1%          1
 Static Discharge         Conj/Air       37%        3-8/arc   1%          2
 Swiftness                Air            50%        N/A       1%          3
 Mephitic Cloud           Conj/Pois/Air  31%        N/A       2%          3
 Beastly Appendage        Tmut           36%        N/A       3%          1
 Sandblast                Erth           36%        2d10      3%          1
 Summon Small Mammal      Summ           72%        N/A       3%          1
 Ensorcelled Hibernation  Hex/Ice        36%        N/A       4%          2
 Passwall                 Tmut/Erth      15%        N/A       4%          2
 Sublimation of Blood     Necr           18%        N/A       4%          2
 Wereblood                Tmut           18%        N/A       4%          2
 Stone Arrow              Conj/Erth      42%        3d9       6%          3
 Call Canine Familiar     Summ           18%        N/A       9%          3
 Ignite Poison            Fire/Tmut/Pois 18%        N/A       9%          3
 Spider Form              Tmut/Pois      18%        N/A       9%          3
 Summon Guardian Golem    Hex/Summ       18%        N/A       9%          3
 Freezing Cloud           Conj/Ice/Air   15%        6-21      22%         5
 Anguish                  Hex/Necr       9%         N/A       28%         4
 Petrify                  Tmut/Erth      18%        N/A       30%         4
 Irradiate                Conj/Tmut      10%        3d15      52%         5
 Manifold Assault         Tloc           18%        N/A       61%         5
 Storm Form               Tmut/Air       17%        N/A       99%         7


Dungeon Overview and Level Annotations

Branches:
Dungeon (10/15)            Temple (1/1) D:7            Lair (5/5) D:8
 Shoals (0/4) Lair:3       Spider (0/4) Lair:2        Slime (0/5) Lair:4
    Orc: D:9-12

Altars:
Ashenzari
Elyvilon
Fedhas
Gozag
Hepliaklqana
Kikubaaqudgha
Okawaru
Trog
Uskayaw
Vehumet
Wu Jian
Xom
Yredelemnul
The Shining One

Shops:
D:2 ?

Annotations:
D:10 Snorg
Lair:2 exclusion: downstairs
Lair:3 2 transporters, benadryl's ghost, journeyman GrBe
Lair:4 exclusion: downstairs


Innate Abilities, Weirdness & Mutations

You are too large for most types of armour.
You have tough skin. (AC +1)


Message History

The eight-headed hydra bites you but does no damage.
The eight-headed hydra closely misses you.
The eight-headed hydra bites you! You block the blink frog's attack.
The boulder beetle bites you! The eight-headed hydra bites you.
The eight-headed hydra bites you! The eight-headed hydra bites you.
The eight-headed hydra barely misses you. x2
The eight-headed hydra bites you.
The eight-headed hydra bites you but does no damage.
The eight-headed hydra bites you!
The blink frog hits you but does no damage.
There is a stone staircase leading up, spattered with blood here.
The boulder beetle leaps!
The blink frog hits you!
The eight-headed hydra barely misses you.
The eight-headed hydra bites you. The eight-headed hydra bites you!
The eight-headed hydra bites you. x2
* * * LOW HITPOINT WARNING * * *
The eight-headed hydra bites you!
* * * LOW HITPOINT WARNING * * *
The eight-headed hydra misses you. The eight-headed hydra bites you!
* * * LOW HITPOINT WARNING * * *
You climb upwards.
Level annotation: exclusion: downstairs
There is a stone staircase leading down, spattered with blood here.
Casting: Airstrike (mildly dangerous; 1% risk of failure)
Confirm with . or Enter, or press ? or * to list all spells.
You don't know that spell.
Casting: Airstrike (mildly dangerous; 1% risk of failure)
Confirm with . or Enter, or press ? or * to list all spells.
Okay, then.
Casting: Airstrike (mildly dangerous; 1% risk of failure)
Confirm with . or Enter, or press ? or * to list all spells.
Aiming: Airstrike (mildly dangerous; 1% risk of failure)
Press: ? - help, Dir - move target, f - eight-headed hydra
Aim: an eight-headed hydra (empty space bonus: 7/8)
The air twists around and strikes the eight-headed hydra!!
The eight-headed hydra is moderately wounded.
The blink frog hits you!
* * * LOW HITPOINT WARNING * * *
The eight-headed hydra bites you!
You die...

.....# #...# #.#.###.## #
....####...# ##...##..###
..####.....## ##.....#..#.# ###
##....#.# #......#.##.. #
##....############........##..
####.......###..P##.###...##.##..
.................................
......#..#..##.F##.#.#...........
....############@....#..##.......
...## #..D.....###....... .#.#
#.........###...... ..####
#.......≈..#..#.... ...#.#
##...≈≈≈≈≈≈.#...... ....#####
#.≈≈≈≈≈≈≈≈..##.... ......#.#
##.≈≈≈≈≈≈≈≈≈≈###... .......##
##..≈≈≈..≈≈≈≈.# ##.. ......##
#.#≈≈≈≈.>.≈≈≈≈# #..


You could see an eight-headed hydra and a blink frog.

Vanquished Creatures
  Gastronok (D:7)
  4 hydras
  A catoblepas (Lair:4)
  A boulder beetle (D:9)
  6 death yaks (Lair:3)
  A deep elf pyromancer (D:9)
  An oklob plant (Lair:3)
  2 merfolk sirens (Lair:3)
  3 black mambas
  8 elephants
  A torpor snail (Lair:3)
  16 cane toads
  A rime drake (Lair:3)
  6 komodo dragons
  A meliai (Lair:1)
  2 polar bears
  12 blink frogs
  30 yaks
  6 wyverns
  5 basilisks
  3 steam dragons
  A redback (Lair:5)
  14 water moccasins
  3 ice beasts
  4 black bears
  An orc warrior (D:7)
  A sky beast (D:6)
  An ogre (D:4)
  4 wolves (Lair:1)
  4 centaurs
  2 kobold brigands
  11 bullfrogs
  3 scorpions
  4 wights (D:9)
  19 killer bees
  5 howler monkeys
  6 jellies
  3 orc priests
  A gnoll bouda (D:5)
  3 hounds
  6 iguanas
  Natasha (thrice) (D:2)
  2 orc wizards
  3 gnolls (D:5)
  8 adders
  2 shadow imps (D:8)
  3 ufetubi
  2 worms
  2 dart slugs
  22 orcs
  6 endoplasms
  A giant cockroach (D:2)
  3 goblins
  4 hobgoblins
  2 jackals (D:3)
  17 kobolds
  3 quokkas
  9 ball pythons
  6 bats
  10 frilled lizards
  3 rats
  A butterfly (Lair:3)
319 creatures vanquished.

Vanquished Creatures (others)
  31 fungi
  84 plants
115 creatures vanquished.

Grand Total: 434 creatures vanquished

Notes
Turn   | Place    | Note
-------+----------+-------------------------------------------
     0 | D:1      | enile the Ogre Air Elementalist began the quest for the
                  | Orb.
     0 | D:1      | Reached XP level 1. HP: 16/16 MP: 3/3
    94 | D:1      | Reached skill level 1 in Fighting
   487 | D:1      | Reached XP level 2. HP: 26/28 MP: 5/5
  1370 | D:2      | Reached XP level 3. HP: 37/37 MP: 5/7
  1436 | D:2      | Reached skill level 3 in Spellcasting
  2162 | D:2      | Noticed Natasha
  2171 | D:2      | Killed Natasha
  2172 | D:2      | Reached skill level 4 in Spellcasting
  2172 | D:2      | Reached XP level 4. HP: 44/45 MP: 6/10
  2265 | D:2      | Found Syremiar's Magic Scroll Shop.
  2287 | D:2      | Bought a scroll of teleportation for 33 gold pieces
  2330 | D:2      | Noticed Natasha
  2353 | D:2      | Killed Natasha
  2406 | D:2      | Noticed Natasha
  2416 | D:2      | Killed Natasha
  2417 | D:2      | Reached XP level 5. HP: 39/55 MP: 1/11
  2567 | D:2      | Noticed Sigmund
  2572 | D:2      | Noticed Sigmund
  2572 | D:2      | Sigmund changed into Sigmund the iguana
  2742 | D:2      | Killed Sigmund the iguana
  2743 | D:2      | Reached skill level 5 in Fighting
  3518 | D:3      | Found a glowing golden altar of the Shining One.
  4005 | D:3      | Learned a level 4 spell: Airstrike
  4038 | D:4      | Reached XP level 6. HP: 53/67 MP: 8/12
  4710 | D:4      | Noticed an ice beast
  4719 | D:4      | Killed an ice beast
  4720 | D:4      | Reached skill level 1 in Evocations
  5196 | D:4      | Reached XP level 7. HP: 51/75 MP: 9/13
  5350 | D:5      | Entered Level 5 of the Dungeon
  6104 | D:5      | Reached XP level 8. HP: 39/83 MP: 4/14
  6383 | D:5      | Reached skill level 5 in Evocations
  7356 | D:6      | Found a shimmering altar of Xom.
  7496 | D:6      | Reached skill level 5 in Air Magic
  7791 | D:6      | Found a basalt altar of Yredelemnul.
  7793 | D:6      | Found a broken altar of Ashenzari.
  7794 | D:6      | Found an ornate altar of the Wu Jian Council.
  8128 | D:6      | Became a worshipper of Ashenzari the Shackled
  8367 | D:6      | Reached skill level 5 in Spellcasting
  8533 | D:6      | Reached XP level 9. HP: 87/91 MP: 13/17
  8652 | D:6      | Found a white marble altar of Elyvilon.
  8690 | D:6      | Reached skill level 6 in Spellcasting
  9333 | D:7      | Found a staircase to the Ecumenical Temple.
  9675 | D:7      | Reached skill level 7 in Spellcasting
 10315 | D:7      | Found a radiant altar of Vehumet.
 10315 | D:7      | Found an opulent altar of Gozag.
 10445 | D:7      | Found a hide-covered altar of Uskayaw.
 10991 | Temple   | Entered the Ecumenical Temple
 11179 | D:8      | Noticed Gastronok
 11771 | D:7      | Killed Gastronok
 11772 | D:7      | Reached skill level 10 in Fighting
 11772 | D:7      | Reached XP level 10. HP: 67/110 MP: 0/20
 13208 | D:8      | Found a staircase to the Lair.
 13675 | D:8      | Reached skill level 8 in Spellcasting
 14249 | D:9      | Noticed a deep elf pyromancer
 14249 | D:9      | Noticed a boulder beetle
 14254 | D:9      | Reached * piety under Ashenzari
 14259 | D:9      | Killed a deep elf pyromancer
 14260 | D:9      | Reached skill level 9 in Spellcasting
 14271 | D:9      | Killed a boulder beetle
 14916 | D:9      | Reached skill level 5 in Dodging
 15009 | D:9      | Reached XP level 11. HP: 120/120 MP: 14/25
 15286 | D:9      | Found a hazy altar of Hepliaklqana.
 15353 | D:9      | Found a bloodstained altar of Trog.
 15559 | D:10     | Entered Level 10 of the Dungeon
 15575 | D:10     | Noticed a two-headed ogre
 15576 | D:10     | Noticed Snorg
 15647 | Lair:1   | Entered Level 1 of the Lair of Beasts
 17164 | Lair:2   | Reached skill level 10 in Spellcasting
 17595 | Lair:2   | Reached skill level 11 in Spellcasting
 17595 | Lair:2   | Reached XP level 12. HP: 94/136 MP: 4/28
 17759 | Lair:2   | Noticed a four-headed hydra
 17764 | Lair:2   | Killed a four-headed hydra
 17971 | Lair:1   | Reached skill level 12 in Spellcasting
 18167 | Lair:2   | Found a hole to the Spider Nest.
 19143 | Lair:3   | Noticed a five-headed hydra
 19144 | Lair:3   | Noticed a death yak
 19144 | Lair:3   | Noticed a death yak
 19290 | Lair:3   | Reached skill level 13 in Spellcasting
 19582 | Lair:3   | Reached ** piety under Ashenzari
 19623 | Lair:3   | Killed a five-headed hydra
 19929 | Lair:3   | Reached *** piety under Ashenzari
 20206 | Lair:3   | Identified the cursed +0 steam dragon scales "Share My
                  | Secrets" {Fort, Evo} (You found it on level 7 of the
                  | Dungeon)
 20588 | Lair:3   | Noticed a death yak
 20589 | Lair:3   | Noticed a death yak
 20591 | Lair:3   | Killed a death yak
 20591 | Lair:3   | Noticed a death yak
 20592 | Lair:3   | Noticed a death yak
 20595 | Lair:3   | Killed a death yak
 20595 | Lair:3   | Killed a death yak
 20599 | Lair:3   | Killed a death yak
 20600 | Lair:3   | Killed a death yak
 20601 | Lair:3   | Reached XP level 13. HP: 152/152 MP: 22/32
 20773 | Lair:3   | Found a transporter.
 20775 | Lair:3   | Found a transporter.
 20781 | Lair:3   | Noticed benadryl's ghost (journeyman GrBe)
 20796 | Lair:3   | Found a bloodstained altar of Trog.
 21026 | Lair:3   | Found a staircase to the Shoals.
 22312 | Lair:4   | Found a staircase to the Slime Pits.
 22441 | Lair:4   | Learned a level 2 spell: Blink
 22736 | Lair:4   | Reached skill level 14 in Spellcasting
 24127 | Lair:4   | Reached skill level 15 in Spellcasting
 24393 | Lair:5   | Entered Level 5 of the Lair of Beasts
 25841 | Lair:4   | Slain by an eight-headed hydra

Illustrated notes

Levels and vault maps discovered:
D:1:      dpeg_arrival_central, layout_basic
D:2:      layout_loops_cross, serial_shops, nicolae_shop_behind_doors,
          uniq_natasha, uniq_sigmund
D:3:      layout_loops_ring, mainiacjoe_overflow_surrounded_room
D:4:      layout_loops_ring, grunt_ministairs_14, minmay_misc_feat_plants
D:5:      layout_loops_ring, kennysheep_cluttered_room, st_stairs_11
D:6:      layout_loops_ring, xom_teletrap_fun, elyvilon_altar_5,
          grunt_temple_overflow_open, kennysheep_cross_room
D:7:      layout_basic, mainiacjoe_overflow_large_starburst, lemuel_tele_altar,
          minmay_temple_entry_stoned_glass, nicolae_eternal_life
D:8:      layout_rooms, david_lair_shrubbed, minmay_lizard_king, uniq_gastronok
D:9:      layout_basic, trog_ov_bears_minmay, nicolae_hepliaklqana_hazy_memory,
          minivault_20
D:10:     minmay_the_grid_four_pointed_star_mashed
          [minmay_the_grid_triangle_9x9_zippers_horizontal,
          minmay_the_grid_triangle_9x9_shrine,
          minmay_the_grid_triangle_9x9_minimal,
          minmay_the_grid_triangle_9x9_longest, minmay_the_grid_prize_big_room],
          layout_loops_ring, uniq_snorg
Temple:   nicolae_temple_ecumenical_triangle
Lair:1:   layout_hall_layers, nicolae_quartered_pool_impasse
Lair:2:   layout_long_grid, hellmonk_spider_entry_not_the_bees,
          beast_lair_carwin_4
Lair:3:   layout_regular_city, elwin_shoals_entry_rooms,
          gammafunk_ghost_wrathful_warriors, lemuel_fruit_fields
Lair:4:   layout_cave_pods, minmay_slime_entry_pillars,
          infiniplex_staircase_pool_2
Lair:5:   hangedman_lair_tendril_chambers, layout_misc_corridors,
          nzn_sisyphean_effort

Skill      XL: |  1  2  3  4  5  6  7  8  9 10 11 12 13 |
---------------+----------------------------------------+-----
Fighting       | 2 3 4 6 10 12 13 | 13.7
Spellcasting   | 4 5 7 9 11 13 15 | 15.8
Dodging        | 2 3 5 6 |  6.0
Evocations     | 2 4 5 6 8 9 |  9.5
Air Magic      | 6 7 8 |  8.0
Stealth        | |  1.4
Conjurations   | |  0.8

Action                   |  1- 3 |  4- 6 |  7- 9 | 10-12 | 13-15 || total
-------------------------+-------+-------+-------+-------+-------++-------
Melee: Unarmed           |     7 |    13 |       |       |       ||    20
       Short sword       |       |    43 |   167 |   149 |    95 ||   454
 Fire: Sling             |    33 |     5 |       |       |       ||    38
 Cast: Shock             |    70 |   114 |   115 |    12 |       ||   311
       Airstrike         |       |       |    49 |   227 |   171 ||   447
Invok: Curse Item        |       |       |     1 |     3 |       ||     4
Evoke: Wand              |       |     2 |     1 |    18 |     5 ||    26
  Use: Potion            |     3 |       |     4 |     1 |     1 ||     9
       Scroll            |     1 |     6 |     1 |     6 |     5 ||    19
 Stab: Petrified         |       |       |       |       |     7 ||     7
       Petrifying        |       |       |       |       |     1 ||     1
Armor: Robe              |    43 |    19 |    35 |       |       ||    97
       Skin              |       |     3 |       |    15 |       ||    18
       Steam dragon scal |       |       |    23 |    42 |    46 ||   111
Dodge: Dodged            |    43 |    38 |   144 |   128 |   119 ||   472
Block: Orb               |     6 |    15 |    52 |    65 |    37 ||   175
       Reflection        |       |       |     2 |       |       ||     2

Table legend: (Time is in decaauts)
 A = Elapsed time spent in this place.
 B = Non-inter-level travel time spent in this place.
 C = Inter-level travel time spent in this place.
 D = Time resting spent in this place.
 E = Time spent auto-exploring this place.
 F = Levels seen in this place.
 G = Mean time per level.
                   A        B        C        D        E       F      G
               +--------+--------+--------+--------+--------+-----+--------+
         Total |  25995 |  25357 |    638 |   2149 |  20467 |  16 | 1624.7 |
       Dungeon |  15743 |  15309 |    434 |   1347 |  12341 |  10 | 1574.3 |
        Temple |      1 |      1 |      0 |      0 |      0 |   1 |    1.0 |
          Lair |  10250 |  10046 |    204 |    802 |   8126 |   5 | 2050.0 |
               +--------+--------+--------+--------+--------+-----+--------+

Top non-repeatable levels by time:
  Lair:4: 3728 daAuts
     D:7: 3572 daAuts
  Lair:3: 2488 daAuts
  Lair:2: 2002 daAuts
     D:2: 1790 daAuts
  Lair:1: 1759 daAuts
     D:6: 1758 daAuts
     D:5: 1697 daAuts
     D:4: 1657 daAuts
     D:8: 1516 daAuts
     D:9: 1467 daAuts
     D:1: 1202 daAuts
     D:3: 1039 daAuts
  Lair:5: 270 daAuts
    D:10: 41 daAuts
